Map: Lightshade LE

Players

Rail

  • Race: Protoss Protoss

Vanya - Winner!

  • Race: Zerg Zerg

Event: DreamHack SC2 Masters 2021 Winter

VOD

Have the link to the VOD?

Description

Time

  • Played on: Oct. 10, 2021, 2:35 p.m.
  • Length: 11:21

All games in this series

Show
View Real Time Build Order
Export as new Build Order

Rail Protoss 

Build Orders: 1 Gate Expand 

Get SALT Encoding   

  12  0:01  Probe  
  13  0:13  Probe  
  14  0:17  Pylon  
  14  0:25  Probe (Chrono Boost)  
  15  0:37  Probe (Chrono Boost)  
  15  0:40  Gateway  
  16  0:45  Probe (Chrono Boost)  
  16  0:46  Assimilator  
  17  0:51  Probe  
  18  1:03  Probe  
  19  1:15  Probe  
  20  1:24  Nexus  
  20  1:34  Cybernetics Core  
  20  1:37  Probe  
  21  1:44  Assimilator  
  21  1:49  Probe  
  21  1:53  Pylon  
  22  2:01  Probe  
  23  2:11  Stalker, Warp Gate  
  23  2:13  Probe  
  26  2:25  Stargate  
  26  2:26  Probe (Chrono Boost)  
  28  2:37  Probe (Chrono Boost)  
  28  2:39  Probe (Chrono Boost)  
  28  2:41  Adept  
  32  2:46  Probe x2 (Chrono Boost)  
  33  2:51  Probe (Chrono Boost)  
  33  2:53  Probe  
  33  2:57  Gateway  
  35  3:00  Void Ray (Chrono Boost)  
  35  3:03  Probe (Chrono Boost)  
  41  3:14  Probe (Chrono Boost)  
  41  3:15  Probe (Chrono Boost)  
  42  3:20  Pylon  
  42  3:23  Probe (Chrono Boost)  
  42  3:24  Probe (Chrono Boost)  
  44  3:30  Probe  
  44  3:34  Probe  
  46  3:36  Robotics Facility  
  46  3:42  Probe  
  46  3:46  Probe, Pylon  
  48  3:53  Nexus  
  48  3:55  Probe  
  49  3:59  Assimilator  
  49  4:02  Probe  
  50  4:07  Sentry, Shield Battery  
  50  4:09  Zealot  
  54  4:12  Probe  
  54  4:13  Pylon  
  54  4:14  Probe  
  56  4:17  Assimilator  
  56  4:24  Observer, Probe  
  58  4:27  Robotics Bay  
  58  4:28  Probe  
  59  4:32  Pylon  
  59  4:36  Probe  
  60  4:39  Gateway  
  60  4:40  Gateway  
  60  4:44  Probe  
  61  4:48  Warp Prism  
  61  4:52  Probe  
  64  4:56  Zealot, Probe  
  67  5:04  Probe (Chrono Boost), Pylon  
  68  5:08  Probe (Chrono Boost)  
  68  5:10  Probe (Chrono Boost)  
  68  5:14  Stargate  
  71  5:15  Probe (Chrono Boost)  
  71  5:18  Gravitic Drive  
  71  5:20  Probe (Chrono Boost)  
  73  5:22  Probe (Chrono Boost)  
  73  5:23  Probe (Chrono Boost), Disruptor  
  73  5:27  Zealot x2  
  81  5:30  Probe x2 (Chrono Boost)  
  84  5:39  Probe (Chrono Boost)  
  86  5:42  Probe (Chrono Boost), Pylon  
  86  5:43  Void Ray, Assimilator, Probe (Chrono Boost)  
  86  5:46  Gateway, Probe (Chrono Boost)  
  86  5:49  Probe  
  91  5:52  Probe  
  91  5:53  Assimilator  
  93  5:59  Probe, Pylon  
  94  6:05  Immortal, Probe  
  94  6:08  Protoss Air Weapons Level 1  
  94  6:11  Probe  
  101  6:12  Pylon  
  101  6:15  Zealot, Pylon  
  106  6:21  Pylon  
  106  6:28  Fleet Beacon  
  110  6:40  Probe  
  110  6:46  Stargate  
  110  6:47  Immortal  
  115  6:51  Phoenix (Chrono Boost)  
  115  6:53  Phoenix (Chrono Boost)  
  111  6:56  Stalker  
  111  6:58  Flux Vanes  
  111  6:59  Forge  
  111  7:00  Zealot  
  115  7:01  Stalker x2  
  115  7:03  Shield Battery  
  115  7:07  Phoenix  
  119  7:08  Phoenix  
  119  7:10  Shield Battery  
  119  7:12  Pylon  
  123  7:27  Pylon  
  123  7:31  Void Ray (Chrono Boost), Protoss Ground Weapons Level 1  
  123  7:33  Zealot  
  133  7:39  Photon Cannon, Phoenix (Chrono Boost)  
  133  7:44  Photon Cannon, Phoenix (Chrono Boost)  
  133  7:48  Photon Cannon  
  133  7:49  Photon Cannon  
  133  7:51  Void Ray (Chrono Boost)  
  139  7:58  Void Ray (Chrono Boost), Phoenix (Chrono Boost)  
  139  8:01  Shield Battery  
  139  8:02  Pylon  
  139  8:13  Pylon  
  139  8:15  Stalker x2  
  139  8:16  Protoss Air Weapons Level 2 (Chrono Boost)  
  139  8:17  Void Ray (Chrono Boost)  
  143  8:23  Stalker  
  139  8:32  Nexus  
  141  8:34  Void Ray (Chrono Boost)  
  141  8:37  Void Ray (Chrono Boost)  
  141  8:41  Photon Cannon  
  141  8:42  Zealot x2  
  141  8:44  Shield Battery  
  141  8:46  Photon Cannon  
  149  8:51  Void Ray (Chrono Boost), Nexus  
  149  8:57  Stargate  
  153  9:07  Void Ray (Chrono Boost)  
  141  9:25  Stalker x2  
  141  9:29  Nexus  
  137  9:36  Photon Cannon  
  137  9:38  Stalker x2  
  139  9:44  Void Ray (Chrono Boost)  
  139  9:45  Nexus  
  143  9:47  Void Ray (Chrono Boost)  
  143  9:51  Void Ray (Chrono Boost)  
  151  9:53  Zealot x2  
  151  9:54  Immortal  
  159  10:03  Stalker  
  157  10:11  Twilight Council  
  157  10:14  Void Ray  
  138  10:25  Probe  
  138  10:26  Stalker x4  
  133  10:42  Disruptor  
  133  10:44  Probe  
  133  10:45  Probe x2  
  139  10:54  Stalker x2  
  139  10:57  Probe x2  
Show
View Real Time Build Order
Export as new Build Order

Vanya Zerg - Winner!

Build Orders: Hatch First 

Get SALT Encoding   

  12  0:00  Drone  
  13  0:14  Overlord  
  13  0:17  Drone  
  14  0:33  Drone x2  
  16  0:48  Hatchery  
  15  0:51  Drone  
  15  0:54  Drone  
  17  0:58  Drone  
  18  1:08  Extractor  
  17  1:13  Spawning Pool  
  17  1:16  Drone  
  17  1:19  Drone  
  18  1:29  Drone  
  19  1:40  Drone  
  20  1:50  Overlord  
  20  2:00  Queen x2  
  24  2:02  Zergling x4  
  26  2:12  Drone x2  
  26  2:13  Metabolic Boost  
  28  2:22  Drone  
  29  2:23  Drone  
  30  2:33  Hatchery  
  30  2:36  Drone  
  30  2:38  Drone  
  31  2:45  Queen  
  31  2:50  Overlord  
  33  2:53  Drone  
  33  2:55  Drone  
  33  2:58  Drone  
  36  3:10  Drone x2, Queen  
  40  3:14  Overlord  
  40  3:17  Drone x2  
  42  3:20  Overlord  
  42  3:26  Queen  
  44  3:34  Drone x3  
  47  3:41  Overlord  
  47  3:44  Drone x3  
  47  3:47  Queen  
  52  3:52  Drone x3  
  52  3:54  Zergling x2  
  56  3:58  Overlord  
  56  4:01  Zergling x2  
  57  4:05  Drone x3  
  57  4:08  Drone  
  61  4:10  Drone  
  61  4:13  Queen  
  63  4:18  Drone x3  
  63  4:23  Roach Warren  
  65  4:25  Drone x3  
  65  4:29  Lair  
  68  4:31  Extractor  
  68  4:32  Drone  
  68  4:33  Drone, Extractor  
  68  4:34  Drone  
  68  4:37  Overlord  
  69  4:39  Drone x2  
  69  4:45  Drone x2, Overlord  
  73  4:57  Hatchery  
  73  4:58  Drone  
  73  4:59  Drone  
  74  5:00  Drone x3, Extractor  
  74  5:01  Drone x2  
  74  5:02  Drone  
  79  5:08  Drone x3, Extractor  
  79  5:09  Extractor  
  79  5:13  Drone x2  
  81  5:16  Drone  
  81  5:19  Drone  
  83  5:22  Overlord  
  83  5:26  Drone  
  83  5:28  Glial Reconstitution  
  84  5:29  Spire  
  84  5:32  Evolution Chamber  
  82  5:35  Overlord  
  82  5:36  Overlord  
  82  5:38  Overseer  
  82  5:40  Overlord  
  82  5:44  Spore Crawler  
  82  5:49  Drone x6  
  87  5:51  Drone x6  
  87  5:54  Overlord  
  92  6:01  Drone x4  
  96  6:04  Zerg Missile Weapons Level 1  
  96  6:08  Roach x2  
  100  6:12  Extractor  
  100  6:16  Drone x2, Spore Crawler, Extractor  
  100  6:17  Zergling x6  
  100  6:18  Zergling x2  
  103  6:19  Roach x4  
  103  6:24  Overlord  
  111  6:33  Overlord  
  111  6:42  Overlord  
  111  6:46  Zerg Flyer Weapons Level 1  
  111  6:48  Corruptor x5  
  121  6:55  Drone  
  121  6:57  Corruptor x3  
  121  6:59  Hatchery  
  127  7:02  Corruptor x2  
  127  7:07  Drone x3  
  127  7:08  Drone x3  
  137  7:13  Corruptor x2  
  141  7:19  Overlord  
  141  7:20  Overlord  
  141  7:24  Corruptor x3  
  141  7:28  Corruptor  
  149  7:33  Overlord x2  
  149  7:36  Corruptor  
  151  7:39  Corruptor x2  
  155  7:44  Overlord  
  155  7:54  Corruptor x2  
  155  7:55  Corruptor x2  
  163  7:59  Zerg Missile Weapons Level 2  
  163  8:01  Roach x6  
  175  8:05  Overlord  
  175  8:06  Overlord  
  175  8:12  Corruptor x2  
  171  8:27  Corruptor x4  
  164  8:33  Zergling x26  
  183  8:40  Zerg Flyer Armor Level 1  
  183  8:43  Zergling x22  
  193  8:52  Infestation Pit  
  193  8:54  Corruptor x3  
  198  9:07  Extractor  
  198  9:09  Extractor  
  191  9:18  Corruptor x5  
  195  9:31  Hive  
  193  9:34  Ravager x3  
  196  9:43  Ravager x3  
  194  9:57  Roach x6  
  200  10:03  Hatchery  
  200  10:06  Zergling x14  
  172  10:24  Roach x9  
  172  10:25  Roach x4  
  195  10:29  Ravager x5  
  189  10:37  Roach x8  
  189  10:42  Zergling x26  
  197  10:52  Zergling x4  
  192  11:02  Zergling x30  

Tags
 
Add a new tag
Caveats
  • Supply blocks, unpowered buildings, or Contaminate may cause inaccurate times.
  • Supply counts are checked every 10 seconds.